 Dungeon Crawl Stone Soup version 0.30-a0-341-g682706514a (webtiles) character file.

Game seed: 6944926576285459939

2088 KennySheep the Conjurer (level 8, -2/62 HPs)
             Began as a Demigod Conjurer on Nov 2, 2022.
             Shot with a sling bullet by Joseph (7 damage)
             ... on level 7 of the Dungeon.
             The game lasted 00:22:41 (8135 turns).

KennySheep the Conjurer (Demigod Conjurer)          Turns: 8135, Time: 00:22:42

Health: -2/62      AC:  5    Str:  8    XL:     8   Next: 78%
Magic:  7/19       EV: 12    Int: 28    God:
Gold:   231        SH:  0    Dex: 12    Spells: 2/17 levels left

rFire   + . .      SeeInvis .    a - staff of conjuration
rCold   . . .      Faith    .    (no shield)
rNeg    . . .      Spirit   .    i - +2 robe {rF+}
rPois   .          Reflect  .    (no helmet)
rElec   .          Harm     .    h - scarf {repulsion}
rCorr   .          Rampage  .    t - +0 pair of gloves
Will    .....      NoTele   +    (no boots)
Stlth   ++........               x - amulet of the acrobat
HPRegen 0.30/turn                (no ring)
MPRegen 0.16/turn                (no ring)

@: stuck, very slightly contaminated, repel missiles
A: high MP 1, forlorn, divine attributes
a: no special abilities


You were on level 7 of the Dungeon.
You visited 1 branch of the dungeon, and saw 7 of its levels.

You collected 384 gold pieces.
You spent 153 gold pieces at shops.

Inventory:

Hand Weapons
 b - a +0 dagger
Missiles
 v - a throwing net
Armour
 h - a scarf of repulsion (worn)
 i - a +2 robe of fire resistance (worn)
 t - a +0 pair of gloves (worn)
Magical Staves
 a - a staff of conjuration (weapon)
Jewellery
 x - an amulet of the acrobat (around neck)
Wands
 p - a wand of quicksilver (8)
 w - a wand of mindburst (35)
 y - a wand of digging (3)
 A - a wand of flame (25)
Scrolls
 c - a scroll of teleportation {unknown}
 e - 2 scrolls of magic mapping
 g - 2 scrolls of fear
 j - 4 scrolls of vulnerability
 k - 2 scrolls of brand weapon
 u - a scroll of blinking
 B - a scroll of enchant armour {unknown}
 D - 4 scrolls of enchant weapon {unknown}
 E - a scroll of noise {unknown}
 F - a scroll of amnesia {unknown}
Potions
 d - 3 potions of magic
 f - a potion of berserk rage {unknown}
 l - a potion of lignification {unknown}
 m - a potion of ambrosia
 n - 6 potions of curing
 o - 2 potions of might
 q - a potion of flight {unknown}
 r - 2 potions of heal wounds
 s - a potion of degeneration
 z - a potion of haste {unknown}
 C - a potion of resistance {unknown}


   Skills:
 + Level 2.6 Fighting
 - Level 1.7 Dodging
 - Level 1.7 Stealth
 * Level 5.0 Spellcasting
 * Level 7.4 Conjurations
 - Level 5.2 Translocations
 * Level 3.2 Air Magic


You had 2 spell levels left.
You knew the following spells:

 Your Spells              Type           Power      Damage    Failure   Level
a - Magic Dart            Conj           100%       1d8       1%          1
b - Searing Ray           Conj           100%       2d8       1%          2
c - Iskenderun's Mystic   Conj/Tloc      59%        2d12      4%          4
d - Vhi's Electric Charg  Tloc/Air       60%        N/A       3%          3
e - Lightning Bolt        Conj/Air       26%        1d42      21%         5

Your spell library contained the following spells:

 Spells                   Type           Power      Damage    Failure   Level
 Static Discharge         Conj/Air       100%       2-7/arc   1%          2
 Dazzling Flash           Conj/Hex       82%        N/A       4%          3
 Fulminant Prism          Conj/Hex       20%        3d12      14%         4
 Arcjolt                  Conj/Air       26%        1d36      21%         5
 Summon Lightning Spire   Summ/Air       16%        N/A       34%         4
 Petrify                  Tmut/Erth      7%         N/A       54%         4
 Metabolic Englaciation   Hex/Ice        3%         N/A       88%         5
 Statue Form              Tmut/Erth      4%         N/A       100%        6
 Storm Form               Tmut/Air       8%         N/A       100%        7
 Maxwell's Capacitive Co  Air            12%        ∞         100%        8


Dungeon Overview and Level Annotations

Branches:
Dungeon (7/15)             Temple (0/1) D:7

Shops:
D:1 *   D:5 :

Annotations:
D:7 Joseph


Innate Abilities, Weirdness & Mutations

You have an increased reservoir of magic. (+10% MP)
You shall have no god before yourself.
Your divine heritage dramatically boosts your attributes as you level up.


Message History

You now have 189 gold pieces (gained 10).
You now have 198 gold pieces (gained 9).
E - a scroll labelled WUGGEIZ JELY You see here a +0 leather armour.
There is a stone staircase leading down here.
Found a stone staircase leading up.
You now have 213 gold pieces (gained 15).
You now have 231 gold pieces (gained 18).
F - a scroll labelled ANIDET VIAMYWK You open the door.
Joseph, a Mercenary comes into view.
He is wielding a +0 quarterstaff and wearing a +3 leather armour of positive energy.
Joseph shouts!
Joseph unwields a +0 quarterstaff.
Joseph wields a +0 sling of freezing.
It is covered in frost.
Joseph shoots a sling bullet.
The sling bullet hits you! The sling bullet freezes you.
Joseph is nearby!
There is an open door here.
Joseph shoots a sling bullet.
The sling bullet closely misses you.
You feel a surge of power!
You erupt in a blast of force!
The mystic blast hits Joseph!!
Joseph is moderately wounded.
Joseph is knocked back by the mystic blast.
Joseph shoots a sling bullet.
The sling bullet hits you! The sling bullet freezes you.
Joseph shoots a sling bullet.
The sling bullet completely misses you.
Joseph shoots a sling bullet.
The sling bullet hits you! The sling bullet freezes you.
You feel a surge of power!
You erupt in a blast of force!
The mystic blast hits Joseph!
Joseph is moderately wounded.
Joseph is knocked back by the mystic blast.
Joseph slams into the rock wall!
Joseph is heavily wounded.
You feel a surge of power!
You miscast Iskenderun's Mystic Blast.
You are very lightly contaminated with residual magic.
You feel a wrenching sensation.
You are magically locked in place.
Joseph shoots a sling bullet.
The sling bullet hits you!!
* * * LOW HITPOINT WARNING * * *
The sling bullet freezes you!
You die...

##...# ##.## ##.##
##.## ##.###.
.....# ### ### ###
### #. ##.#..... ..
##.###### ## #..#
..## ### )## #..
##@## .####....#
####...#+ )))...#
#.+..@..+ #######
##.##...##
#...##.##
###########....#'##
..................#
##...#####........#
###<.............#
########.......#
#.......#


You could see Joseph.

Vanquished Creatures
  Eustachio (D:6)
  Edmund (D:6)
  Menkaure (D:4)
  A black bear (D:5)
  An ice beast (D:6)
  A centaur (D:6)
  A necrophage (D:6)
  A gnoll sergeant (D:6)
  3 scorpions
  10 wights (D:7)
  A howler monkey (D:6)
  An orc priest (D:4)
  2 hounds
  2 gnoll boudas
  2 iguanas
  3 orc wizards (D:4)
  11 gnolls
  9 adders
  A shadow imp (D:7)
  A white imp (D:6)
  A worm (D:4)
  A dart slug (D:3)
  18 orcs
  5 ball pythons
  6 endoplasms
  3 giant cockroaches
  7 goblins
  8 hobgoblins
  17 jackals
  A quokka (D:1)
  5 bats
  3 frilled lizards
  4 kobolds
  3 rats
136 creatures vanquished.

Notes
Turn   | Place    | Note
-------+----------+-------------------------------------------
     0 | D:1      | KennySheep the Demigod Conjurer began the quest for the
                  | Orb.
     0 | D:1      | Reached XP level 1. HP: 14/14 MP: 5/5
   196 | D:1      | You fall into a shaft and drop 1 floor!
   250 | D:1      | Found Fubaimn's Assorted Antiques.
   370 | D:1      | Reached XP level 2. HP: 15/20 MP: 0/7
   373 | D:1      | Learned a level 2 spell: Searing Ray
   604 | D:1      | Reached skill level 1 in Translocations
  1029 | D:1      | Reached skill level 4 in Conjurations
  1212 | D:2      | Reached XP level 3. HP: 26/26 MP: 2/8
  1714 | D:2      | Learned a level 3 spell: Vhi's Electric Charge
  2644 | D:3      | Reached XP level 4. HP: 33/33 MP: 5/10
  3195 | D:3      | Noticed an air elemental
  3196 | D:3      | Noticed an earth elemental
  3196 | D:3      | Noticed a water elemental
  3196 | D:3      | Noticed a fire elemental
  3860 | D:4      | Noticed Menkaure
  3881 | D:4      | Killed Menkaure
  3882 | D:4      | Reached skill level 5 in Conjurations
  3882 | D:4      | Reached XP level 5. HP: 17/38 MP: 3/12
  4426 | D:4      | Reached XP level 6. HP: 45/45 MP: 1/13
  4706 | D:4      | Identified a scroll of acquirement
  4710 | D:4      | Acquired a staff of conjuration
  4718 | D:4      | Learned a level 4 spell: Iskenderun's Mystic Blast
  5148 | D:5      | Entered Level 5 of the Dungeon
  5488 | D:5      | Reached XP level 7. HP: 50/50 MP: 7/15
  5558 | D:5      | Found Oluoschirch's Tremendous Tomes.
  5669 | D:5      | Reached skill level 6 in Conjurations
  6157 | D:1      | Bought a runed cabochon amulet for 130 gold pieces
  6157 | D:1      | Bought a metallic silvery potion for 23 gold pieces
  6506 | D:6      | Reached skill level 5 in Translocations
  6696 | D:6      | Reached skill level 1 in Fighting
  6806 | D:6      | Noticed Eustachio
  6825 | D:6      | Killed Eustachio
  6826 | D:6      | Reached skill level 1 in Air Magic
  6826 | D:6      | Reached XP level 8. HP: 54/59 MP: 2/17
  6930 | D:6      | Noticed Edmund
  6953 | D:6      | Killed Edmund
  7437 | D:7      | Learned a level 5 spell: Lightning Bolt
  7583 | D:7      | Reached skill level 7 in Conjurations
  7841 | D:7      | Reached skill level 5 in Spellcasting
  7988 | D:7      | Found a staircase to the Ecumenical Temple.
  8128 | D:7      | Noticed Joseph
  8135 | D:7      | Shot with a sling bullet by Joseph

Illustrated notes

Levels and vault maps discovered:
D:1:      eino_arrival_tree_alley, layout_basic, serial_shops, shop
D:2:      layout_loops_corners, basic_altar, kennysheep_generic_room_4
D:3:      layout_basic, nzn_wu_jian_council_hall,
          nicolae_qazlal_style_of_elements
D:4:      layout_cave_pods, chequers_temple_overflow_statue_of_worship,
          small_statue_intersection, nicolae_titane, uniq_menkaure
D:5:      layout_rooms, nicolae_shop_i_like_big_books
D:6:      layout_cave_pools, uniq_eustachio, uniq_edmund
D:7:      layout_rooms, minmay_temple_entry_arrows, nicolae_hexahallways,
          uniq_joseph

Skill      XL: |  1  2  3  4  5  6  7  8 |
---------------+-------------------------+-----
Translocations | 1 2 3 4 5 |  5.2
Spellcasting   | 2 3 4 5 |  5.0
Conjurations   | 4 5 6 7 |  7.4
Fighting       | 1 2 |  2.6
Air Magic      | 1 3 |  3.2
Dodging        | |  1.7
Stealth        | |  1.7

Action                   |  1- 3 |  4- 6 |  7- 9 || total
-------------------------+-------+-------+-------++-------
Melee: Dagger            |    15 |       |       ||    15
       Staff             |       |     2 |    33 ||    35
       Punch             |       |       |     1 ||     1
 Cast: Magic Dart        |   100 |   109 |     8 ||   217
       Searing Ray       |     1 |    12 |       ||    13
       Iskenderun's Myst |       |     2 |    43 ||    45
  Use: Scroll            |     3 |     7 |       ||    10
       Potion            |     1 |     4 |       ||     5
Armor: Robe              |     9 |    12 |    13 ||    34
Dodge: Dodged            |    23 |    18 |    61 ||   102
       Repelled          |       |     1 |       ||     1

Table legend: (Time is in decaauts)
 A = Elapsed time spent in this place.
 B = Non-inter-level travel time spent in this place.
 C = Inter-level travel time spent in this place.
 D = Time resting spent in this place.
 E = Time spent auto-exploring this place.
 F = Levels seen in this place.
 G = Mean time per level.
                   A        B        C        D        E       F      G
               +--------+--------+--------+--------+--------+-----+--------+
         Total |   8144 |   7661 |    483 |   1150 |   5520 |   7 | 1163.4 |
       Dungeon |   8144 |   7661 |    483 |   1150 |   5520 |   7 | 1163.4 |
               +--------+--------+--------+--------+--------+-----+--------+

Top non-repeatable levels by time:
     D:4: 1756 daAuts
     D:1: 1223 daAuts
     D:3: 1198 daAuts
     D:2: 1163 daAuts
     D:6: 1106 daAuts
     D:5: 991 daAuts
     D:7: 705 daAuts
